 Dungeon Crawl Stone Soup version 0.25-a0-1073-gf4359a17dd (webtiles) character file.

Game seed: 15098946231068398843, levelgen mode: deterministic

88 Flugslaktarn the Shield-Bearer (level 4, -2/42 HPs)
             Began as a Deep Dwarf Fighter on May 14, 2020.
             Slain by an orc wizard
             ... wielding a +2 dagger of electrocution
              (19 damage)
             ... on level 4 of the Dungeon.
             The game lasted 00:00:36 (1311 turns).

Flugslaktarn the Shield-Bearer (Deep Dwarf Fighter) Turns: 1311, Time: 00:00:37

Health: -2/42      AC:  8    Str: 20    XL:     4   Next: 29%
Magic:  4/4        EV:  7    Int:  9    God:
Gold:   56         SH:  9    Dex: 12    Spells: 3/3 levels left

rFire    . . .     SeeInvis .   a - +0 war axe
rCold    . . .     Gourm    .   c - +0 kite shield
rNeg     . . .     Faith    .   b - +0 scale mail
rPois    .         Spirit   .   (no helmet)
rElec    .         Reflect  .   (no cloak)
rCorr    .         Harm     .   j - +0 pair of gloves
MR       .....                  (no boots)
Stlth    ..........             (no amulet)
HPRegen  0.00/turn              (no ring)
MPRegen  0.09/turn              (no ring)

@: non-regenerating
A: damage resistance, heal wounds, sense surroundings 1, no regeneration
a: Heal Wounds


You were on level 4 of the Dungeon.
You were very hungry.

You visited 1 branch of the dungeon, and saw 4 of its levels.

You collected 56 gold pieces.

Inventory:

Hand Weapons
 a - a +0 war axe (weapon)
Armour
 b - a +0 scale mail (worn)
 c - a +0 kite shield (worn)
 j - a +0 pair of gloves (worn)
   (You found it on level 1 of the Dungeon)
Scrolls
 g - 2 scrolls of magic mapping {unknown}
 h - a scroll of enchant armour {unknown}
 k - a scroll of identify {unknown}
Potions
 d - a potion of might
 i - 2 potions of curing {unknown}
 l - a potion of berserk rage {unknown}
Comestibles
 e - 3 rations


   Skills:
 + Level 3.1 Fighting
 * Level 3.6 Axes
 + Level 3.8 Armour
 + Level 3.9 Shields


You had 3 spell levels left.
You didn't know any spells.
Your spell library was empty.

Dungeon Overview and Level Annotations

Branches:
Dungeon (4/15)
 Temple: D:4-7

Altars:
Qazlal
Xom


Innate Abilities, Weirdness & Mutations

You are resistant to damage.
You can heal yourself by infusing magical energy.
You passively map a small area around you.
You do not regenerate.


Message History

You slash the orc!
You kill the orc!
You hit the orc wizard.
The orc wizard gestures at you while chanting.
You resist with some effort.
You closely miss the orc wizard.
The orc wizard is moderately wounded.
The orc wizard gestures wildly while chanting.
The orc wizard seems to speed up.
You closely miss the orc wizard.
The orc wizard is moderately wounded.
You block the orc wizard's attack. Something hits you.
You closely miss the orc wizard.
The orc wizard is moderately wounded.
You hit something.
The orc wizard hits you with a +2 dagger of electrocution.
You are electrocuted!!
The orc wizard hits you but does no damage.
You are electrocuted!!
You die...

.#.#.#.#.#.#.#.#.#.#.#.##..#.#
#.#(#.#.#.#.#.#.#.#.#.#.##.#.#
.#.#.#.#.#.#.#.#.#.#.#.###.#.#
#.#.#.#.#.#.#.#.#.#.#.#.##...#
##############.#.##.#######..#
#...#####.#.##.........>#
#.........#.#############
########.#######.#
................@# *
####.#.#........o.o...#
#.#.##############.# #.#.# ,
,, , #.#.# *, #.#.# * , , ,
#.#.# , #.#.# , #.# * * *


You could see an orc wizard (fast) and an orc.

Vanquished Creatures
  A worker ant (D:4)
  2 adders (D:2)
  An ooze (D:3)
  A worm (D:4)
  A dart slug (D:1)
  A leopard gecko (D:4)
  7 orcs (D:4)
  A goblin (D:2)
  6 hobgoblins
  3 jackals (D:4)
  2 kobolds
  A frilled lizard (D:1)
  A quokka skeleton (D:2)
  2 rats (D:1)
30 creatures vanquished.

Notes
Turn   | Place    | Note
-------+----------+-------------------------------------------
     0 | D:1      | Flugslaktarn the Deep Dwarf Fighter began the quest for the
                  | Orb.
     0 | D:1      | Reached XP level 1. HP: 20/20 MP: 1/1
   304 | D:1      | Reached XP level 2. HP: 22/27 MP: 2/2
   463 | D:2      | Reached XP level 3. HP: 28/33 MP: 3/3
   469 | D:2      | Found a shimmering altar of Xom.
   678 | D:4      | Found a stormy altar of Qazlal.
   886 | D:4      | Reached XP level 4. HP: 39/42 MP: 4/4
  1311 | D:4      | Slain by an orc wizard

Illustrated notes

Levels and vault maps discovered:
D:1:      dpeg_arrival_tiny_i, layout_basic, due_unseen_surprise
D:2:      layout_basic, old_standard_altar, first_ration
D:3:      layout_basic, nicolae_tso_swordbearing_angel, uniq_ijyb
D:4:      layout_basic, lemuel_round_altar

Skill      XL: |  1  2  3 |
---------------+----------+-----
Axes           | 3 |  3.6
Fighting       | 3 |  3.1
Armour         | |  3.8
Shields        | |  3.9

Action                   |  1- 3 |  4- 6 || total
-------------------------+-------+-------++-------
Melee: War axe           |    78 |    14 ||    92
 Abil: Heal Wounds       |     1 |       ||     1
Armor: Scale mail        |    29 |     5 ||    34
Dodge: Dodged            |    40 |     1 ||    41
Block: Kite shield       |    38 |     6 ||    44

Table legend:
 A = Non-vault XP
 B = Vault XP
 C = Vault XP percentage of total XP
 D = Non-vault monster count
 E = Vault monster count
 F = Vault count percentage of total count
                 A         B        C        D         E       F
            +---------+---------+-------+---------+---------+-------
      Total |     126 |       0 |   0.0 |      30 |       0 |   0.0
            +---------+---------+-------+---------+---------+-------
        D:1 |      13 |       0 |   0.0 |       7 |       0 |   0.0
        D:2 |      39 |       0 |   0.0 |       9 |       0 |   0.0
        D:3 |       7 |       0 |   0.0 |       1 |       0 |   0.0
        D:4 |      67 |       0 |   0.0 |      13 |       0 |   0.0
            +---------+---------+-------+---------+---------+-------
